 Dungeon Crawl Stone Soup version 0.23.2 (webtiles) character file.

Game seed: 9571822246979929294

21709 Fang the Fighter (level 12, -19/81 HPs)
             Began as a Gargoyle Berserker on Apr 5, 2019.
             Was a High Priest of Trog.
             Demolished by Rupert
             ... wielding a +0 triple sword of freezing
              (21 damage)
             ... on level 4 of the Lair of Beasts.
             The game lasted 00:20:14 (14278 turns).

Fang the Fighter (Gargoyle Berserker)              Turns: 14278, Time: 00:20:15

Health: -19/81     AC: 26    Str: 24    XL:     12   Next: 92%
Magic:  12/12      EV: 12    Int: 10    God:    Trog [*****.]
Gold:   763        SH:  0    Dex: 13    Spells: 11/11 levels left

rFire    + . .     SeeInvis .   o - +12 executioner's axe "Gyrablah" {elec, Dex+4}
rCold    + . .     Gourm    .   (shield currently unavailable)
rNeg     + + .     Faith    .   b - +2 plate armour
rPois    ∞         Spirit   .   (no helmet)
rElec    +         Reflect  .   u - scarf {rC+ rF+}
rCorr    .         Harm     .   (no gloves)
MR       .....                  (no boots)
Stlth    ..........             (no amulet)
HPRegen  0.23/turn              x - ring of positive energy
MPRegen  0.13/turn              (no ring)

@: about to teleport, berserk cooldown, slowed, very slow
A: negative energy resistance 1, electricity resistance, unbreathing,
petrification resistance, rot immunity, AC +8
a: Berserk, Trog's Hand, Brothers in Arms, Renounce Religion


You were on level 4 of the Lair of Beasts.
You worshipped Trog.
Trog was extremely pleased with you.
You were not hungry.

You visited 3 branches of the dungeon, and saw 16 of its levels.
You also visited: Sewer.

You collected 763 gold pieces.

Inventory:

Hand Weapons
 a - a +6 battleaxe of freezing
 i - a +4 battleaxe of freezing
 o - the +12 executioner's axe "Gyrablah" (weapon) {elec, Dex+4}
   (You acquired it on level 11 of the Dungeon)

   Occasionally, upon striking a foe, it will discharge some electrical energy
   and cause terrible harm.
   It affects your dexterity (+4).
 w - a +2 antimagic war axe
 B - a +3 war axe of chopping
Armour
 b - a +2 plate armour (worn)
 u - a scarf of resistance (worn)
Jewellery
 j - an uncursed ring of ice
 x - a ring of positive energy (left hand)
Wands
 f - a wand of acid (16)
 h - a wand of disintegration (9)
 m - a wand of flame (15)
 v - a wand of enslavement (17)
 y - a wand of digging (5)
Scrolls
 d - 3 scrolls of identify
 e - 3 scrolls of remove curse
 l - 9 scrolls of teleportation
 n - 3 scrolls of fear
 r - 2 scrolls of blinking
Potions
 g - 4 potions of brilliance
 k - a potion of ambrosia {unknown}
 p - 4 potions of flight
 q - 2 potions of agility
 s - 3 potions of berserk rage
 t - 4 potions of curing
 z - 2 potions of haste
 A - a potion of might {unknown}
 C - a potion of mutation
 D - a potion of heal wounds
 E - a potion of magic {unknown}
 F - a potion of resistance {unknown}
Comestibles
 c - 26 rations
 G - 3 chunks of flesh


   Skills:
 + Level 11.9 Fighting
 + Level 10.2 Axes
 + Level 11.7 Armour
 + Level 9.1 Dodging


You had 11 spell levels left.
You didn't know any spells.
Your spell library was empty.

Dungeon Overview and Level Annotations

Branches:
Dungeon (11/15)            Temple (1/1) D:5            Lair (4/6) D:8
  Swamp (0/4) Lair:2       Spider (0/4) Lair:3          Orc (0/2) D:9

Altars:
Dithmenos
Kikubaaqudgha
Makhleb
Qazlal
Ru
Sif Muna
Trog
Uskayaw
Vehumet
Yredelemnul
Zin
The Shining One

Shops:
D:8 *   D:11 ?=((

Annotations:
D:7 4 runed translucent doors
Lair:4 Nessos, Rupert


Innate Abilities, Weirdness & Mutations

You are resistant to torment.
Your stone body is resilient. (AC +8)
You are immune to poison.
You resist negative energy. (rN+)
You are resistant to electric shocks. (rElec)
You can survive without breathing.
You are immune to petrification.
You are immune to rotting.


Message History

The hippogriff pecks you but does no damage.
The hippogriff claws you but does no damage.
As you read the scroll of teleportation, it crumbles to dust.
You feel strangely unstable.
Nessos shoots an arrow.
The arrow hits you.
* * * LOW HITPOINT WARNING * * *
Nessos stands on his hind legs for a moment.
Nessos blinks!
Rupert roars madly and goes into a rage!
Rupert goes berserk!
A crocodile comes into view.
The hippogriff bites you but does no damage.
The hippogriff pecks you but does no damage.
The hippogriff closely misses you.
Nessos shoots an arrow.
The arrow hits you!
* * * LOW HITPOINT WARNING * * *
The arrow burns you.
* * * LOW HITPOINT WARNING * * *
Rupert closely misses you.
Rupert hits you with a +0 triple sword of freezing!!
You die...

...................#
...................#
..§......$.........#
.........(.........#
...................#
........(.%.........#
.t...................
......@Hc............
.#.##P.@.###..P.#...
# ##...# ..##.#.
#....# ...# #.(.## ##
.#... ...... .......
P.#......


You could see Rupert (berserk), Nessos, a hippogriff and a crocodile.

Vanquished Creatures
  Fannar (D:11)
  A hydra (Lair:1)
  An unseen horror (D:11)
  An orb spider (Lair:3)
  A cyclops (D:11)
  A centaur zombie (D:11)
  A black mamba (Lair:1)
  6 spiny frogs
  2 rime drakes
  A komodo dragon (Lair:1)
  A troll (D:11)
  A hornet (D:8)
  2 bog bodies (Lair:2)
  5 blink frogs (Lair:1)
  6 hippogriffs
  A wyvern (D:9)
  A shadow (D:11)
  Sigmund (D:3)
  A spriggan (D:7)
  2 basilisks
  Grum (D:11)
  A wraith (D:11)
  29 yaks
  Edmund (D:6)
  6 water moccasins
  8 porcupines
  2 ice beasts
  A sky beast (D:7)
  4 orc warriors
  4 phantoms
  2 centaurs
  4 wolves (D:11)
  4 ogres
  6 crocodiles
  2 big kobolds (D:11)
  7 bullfrogs
  3 scorpions
  10 killer bees
  8 wights
  4 howler monkeys
  A crimson imp (D:5)
  7 jellies
  3 bullfrog zombies
  9 orc priests
  4 hounds
  13 orc wizards
  2 bullfrog skeletons
  5 worker ants
  4 iguanas
  A hound skeleton (D:9)
  A howler monkey zombie (D:11)
  3 worker ant zombies
  14 adders
  A river rat (D:3)
  4 shadow imps
  An ooze (D:4)
  2 adder skeletons
  An adder zombie (D:9)
  3 worms
  A dart slug (D:1)
  9 leopard geckos
  44 orcs
  14 bats
  6 giant cockroaches
  10 goblins
  6 hobgoblins
  19 jackals
  4 quokkas
  3 ball pythons
  5 frilled lizards
  A giant cockroach zombie (D:5)
  21 kobolds
  A leopard gecko zombie (D:5)
  A quokka skeleton (D:5)
  13 rats
  5 fungi
  2 plants
388 creatures vanquished.

Vanquished Creatures (collateral kills)
  A hydra (Lair:2)
  A water moccasin (Lair:2)
2 creatures vanquished.

Vanquished Creatures (others)
  4 fungi (D:8)
4 creatures vanquished.

Grand Total: 394 creatures vanquished

Notes
Turn   | Place    | Note
-------+----------+-------------------------------------------
     0 | D:1      | Fang the Gargoyle Berserker began the quest for the Orb.
     0 | D:1      | Reached XP level 1. HP: 14/14 MP: 1/1
   211 | D:1      | Reached XP level 2. HP: 16/19 MP: 2/2
   358 | D:1      | Reached XP level 3. HP: 19/23 MP: 3/3
   487 | D:1      | Reached ** piety under Trog
   899 | D:2      | Found an ancient bone altar of Kikubaaqudgha.
   909 | D:2      | Reached XP level 4. HP: 28/29 MP: 4/4
  1119 | D:2      | Found a deep blue altar of Sif Muna.
  1501 | D:3      | Found a glowing drain.
  1506 | Sewer    | Entered a sewer
  2054 | D:3      | Found a stormy altar of Qazlal.
  2054 | D:3      | Found a glowing golden altar of the Shining One.
  2055 | D:3      | Found a glowing silver altar of Zin.
  2072 | D:3      | Reached XP level 5. HP: 24/33 MP: 5/5
  2074 | D:3      | Found a burning altar of Makhleb.
  2175 | D:3      | Noticed Sigmund
  2184 | D:3      | Killed Sigmund
  2184 | D:3      | Reached *** piety under Trog
  2184 | D:3      | Reached XP level 6. HP: 38/39 MP: 6/6
  2730 | D:4      | Noticed a phantom
  2774 | D:4      | Killed a phantom
  2774 | D:4      | Reached skill level 5 in Fighting
  2910 | D:4      | Reached XP level 7. HP: 40/44 MP: 7/7
  3436 | D:5      | Entered Level 5 of the Dungeon
  3593 | D:5      | Found a staircase to the Ecumenical Temple.
  3610 | D:5      | Found a shadowy altar of Dithmenos.
  3679 | D:5      | Reached skill level 5 in Armour
  3692 | Temple   | Entered the Ecumenical Temple
  3935 | D:5      | Reached **** piety under Trog
  3935 | D:5      | Reached XP level 8. HP: 20/51 MP: 8/8
  4214 | D:5      | Reached skill level 5 in Axes
  4255 | D:5      | Found a radiant altar of Vehumet.
  5156 | D:6      | Found a hide-covered altar of Uskayaw.
  5156 | D:6      | Found a basalt altar of Yredelemnul.
  5223 | D:6      | Reached ***** piety under Trog
  5453 | D:6      | Noticed Edmund
  5466 | D:6      | Killed Edmund
  5466 | D:6      | Reached XP level 9. HP: 29/56 MP: 9/9
  5866 | D:7      | Reached skill level 5 in Dodging
  6191 | D:7      | Found a huge runed translucent gate.
  6191 | D:7      | Found a huge runed translucent gate.
  6191 | D:7      | Found a huge runed translucent gate.
  6191 | D:7      | Found a huge runed translucent gate.
  6191 | D:7      | Noticed a manticore
  6191 | D:7      | Noticed a death yak
  6191 | D:7      | Noticed a polar bear
  6192 | D:7      | Noticed a polar bear
  6263 | D:7      | Found a bloodstained altar of Trog.
  6773 | D:8      | Found a sacrificial altar of Ru.
  6799 | D:8      | Noticed a hornet
  6820 | D:8      | Killed a hornet
  7194 | D:8      | Received a gift from Trog
  7285 | D:8      | Reached XP level 10. HP: 38/64 MP: 10/10
  7467 | D:8      | Found Bemuvug's Assorted Antiques.
  7616 | D:8      | Found a staircase to the Lair.
  8702 | D:9      | Found a staircase to the Orcish Mines.
  8961 | D:9      | Found a hide-covered altar of Uskayaw.
  9164 | D:10     | Entered Level 10 of the Dungeon
  9716 | D:11     | Noticed Fannar
  9743 | D:11     | Killed an unseen horror
  9750 | D:11     | Killed Fannar
  9750 | D:11     | Reached XP level 11. HP: 45/71 MP: 11/11
  9812 | D:11     | Found Lekothrou's Magic Scroll Shop.
  9821 | D:11     | Identified a scroll of acquirement
  9824 | D:11     | Got a scorched executioner's axe
  9825 | D:11     | Identified the +12 executioner's axe "Gyrablah" {elec,
                  | Dex+4} (You acquired it on level 11 of the Dungeon)
  9866 | D:11     | Found Lodobo's Jewellery Shop.
  9909 | D:11     | Found a frozen archway.
  9927 | D:11     | Received a gift from Trog
  9932 | D:11     | Reached skill level 10 in Fighting
 10006 | D:11     | Noticed a cyclops
 10013 | D:11     | Killed a cyclops
 10077 | D:11     | Reached skill level 10 in Armour
 10269 | D:11     | Noticed Grum
 10275 | D:11     | Killed Grum
 10353 | D:11     | Found Etwanun's Antique Weapon Boutique.
 10379 | D:11     | Found Vihit's Antique Weapon Emporium.
 10537 | Lair:1   | Entered Level 1 of the Lair of Beasts
 10918 | Lair:1   | Reached XP level 12. HP: 49/79 MP: 12/12
 11238 | Lair:1   | Noticed a four-headed hydra
 11260 | Lair:1   | Killed a 12-headed hydra
 12045 | Lair:2   | Found a staircase to the Swamp.
 12054 | Lair:2   | Received a gift from Trog
 12249 | Lair:2   | Noticed a six-headed hydra
 12258 | Lair:2   | Killed an eight-headed hydra
 12258 | Lair:2   | Reached skill level 10 in Axes
 13695 | Lair:3   | Found a hole to the Spider Nest.
 14259 | Lair:4   | Noticed Nessos
 14270 | Lair:4   | Noticed Rupert
 14272 | Lair:4   | Paralysed by Rupert for 4 turns
 14275 | Lair:4   | HP: 4/81 [Nessos/arrow (1)]
 14278 | Lair:4   | Demolished by Rupert

Skill      XL: |  1  2  3  4  5  6  7  8  9 10 11 12 |
---------------+-------------------------------------+-----
Axes           | 3 4 5 6 8 9 10 | 10.2
Dodging        | 2 3 4 5 7 8 9 |  9.1
Armour         | 3 4 5 6 7 9 10 11 | 11.7
Fighting       | 4 5 6 8 9 10 11 | 11.9

Action                   |  1- 3 |  4- 6 |  7- 9 | 10-12 || total
-------------------------+-------+-------+-------+-------++-------
Melee: Hand axe          |   114 |   179 |   223 |       ||   516
       War axe           |       |       |   186 |   127 ||   313
       Battleaxe         |       |       |       |    57 ||    57
       Executioner's axe |       |       |       |   244 ||   244
Invok: Berserk           |       |     1 |     4 |     7 ||    12
       Trog's Hand       |       |       |       |     2 ||     2
       Brothers in Arms  |       |       |       |     2 ||     2
  Use: Scroll            |       |       |    16 |    13 ||    29
       Potion            |       |       |       |     2 ||     2
  Eat: Chunk             |       |     8 |    13 |    27 ||    48
       Ration            |       |       |     2 |     1 ||     3
Armor: Animal skin       |    34 |     3 |       |       ||    37
       Plate armour      |       |   170 |   323 |   543 ||  1036
Dodge: Dodged            |    77 |   105 |   182 |   364 ||   728
